 Dungeon Crawl Stone Soup version 0.31-a0-626-g8143ab4f1d (webtiles) character file.

Game seed: 952076391660304878

3656 IdlyInterested the Cleaver (level 9, -2/94 HPs)
             Began as a Demonspawn Gladiator on Aug 24, 2023.
             Slain by a yak (8 damage)
             ... on level 9 of the Dungeon.
             The game lasted 00:26:21 (7670 turns).

IdlyInterested the Cleaver (Demonspawn Gladiator)   Turns: 7670, Time: 00:26:21

Health: -2/94      AC: 24    Str: 19    XL:     9   Next: 88%
Magic:  9/9        EV:  2    Int:  9    God:
Gold:   91         SH:  0    Dex: 15    Spells: 8/8 levels left

rFire   . . .        a - +0 war axe
rCold   . . .        (no shield)
rNeg    + . .        O - melded +3 scale mail of Urphosch {Will++ Regen+ SInv}
rPois   +            r - melded +0 helmet
rElec   .            s - melded +1 cloak
rCorr   +            y - melded +0 pair of gloves
SInv    .            (boots currently unavailable)
Will    +....        (no amulet)
Stlth   ++           h - ring of resist corrosion
HPRegen 0.35/turn    n - ring of positive energy
MPRegen 0.11/turn

%: no passive effects
@: tree-form, enlightened
A: stationary, stasis, torment immunity, boosted hp, (hooves 1), demonic
guardian 1, powered by death 2, mutation resistance 1
a: no special abilities


You were on level 9 of the Dungeon.
You were a tree.
You visited 2 branches of the dungeon, and saw 10 of its levels.

You collected 381 gold pieces.
You spent 290 gold pieces at shops.

Inventory:

Hand Weapons
 a - a +0 war axe (weapon)
 o - a +2 heavy hand axe
 F - a +0 trident
 L - a +1 heavy war axe
Missiles
 d - 4 throwing nets
 e - 4 javelins
 j - 38 stones (quivered)
 k - 3 poisoned darts
 p - 8 boomerangs
 G - 5 silver javelins
 K - 6 curare-tipped darts
Armour
 g - a +1 leather armour of fire resistance
 r - a +0 helmet (melded)
 s - a +1 cloak (melded)
 y - a +0 pair of gloves (melded)
 B - the +3 leather armour "Imuakorakk" {Rampage rElec Will- Slay+3}
   (You bought it in a shop on level 4 of the Dungeon)

   Slay+3:    It affects your accuracy & damage with ranged weapons and melee
   (+3).
   rElec:     It insulates you from electricity.
   Will-:     It decreases your willpower.
   Rampage:   It bestows one free step when moving towards enemies.
 M - a +0 chain mail of willpower
 O - the +3 scale mail of Urphosch (melded) {Will++ Regen+ SInv}
   (You found it on level 8 of the Dungeon)

   Will++:    It greatly increases your willpower.
   SInv:      It lets you see invisible.
   Regen+:    It increases your rate of health regeneration.
Jewellery
 h - a ring of resist corrosion (left branch)
 n - a ring of positive energy (right branch)
Talismans
 i - a flux talisman
 x - a blade talisman
 J - a serpent talisman
Wands
 f - a wand of flame (40)
 u - a wand of acid (11)
 I - a wand of digging (4)
Scrolls
 c - a scroll of brand weapon
 l - a scroll of vulnerability {unknown}
 m - a scroll of fog {unknown}
 A - a scroll of teleportation
 D - a scroll of enchant weapon
 E - a scroll of silence {unknown}
Potions
 b - a potion of magic
 q - 3 potions of attraction
 t - 2 potions of mutation
 C - a potion of brilliance
 N - a potion of haste


   Skills:
 - Level 3.0 Fighting
 * Level 12.1 Axes
 - Level 1.8 Throwing
 - Level 3.0 Armour
 - Level 2.6 Dodging
 - Level 2.0 Stealth
 - Level 2.0 Shields
 - Level 1.0 Evocations
 - Level 1.0 Shapeshifting


You had 8 spell levels left.
You didn't know any spells.
Your spell library contained the following spells:

 Spells                   Type           Power      Damage    Failure   Level
 Apportation              Tloc           0%         N/A       38%         1
 Necrotise                Necr           0%         1d4       38%         1
 Sandblast                Erth           0%         2d4       38%         1
 Summon Small Mammal      Summ           0%         N/A       38%         1
 Passwall                 Tmut/Erth      0%         N/A       52%         2
 Stone Arrow              Conj/Erth      0%         3d7       77%         3


Dungeon Overview and Level Annotations

Branches:
Dungeon (9/15)             Temple (1/1) D:5
   Lair: D:8-11         Orc: D:9-12

Altars:
Ashenzari
Cheibriados
Dithmenos
Fedhas
Gozag
Hepliaklqana
Kikubaaqudgha
Makhleb
Nemelex Xobeh
Okawaru
Qazlal
Ru
Sif Muna
Uskayaw
Vehumet
Wu Jian
Xom
Yredelemnul

Shops:
D:4 [   D:5 (


Innate Abilities, Weirdness & Mutations

You are a tree.
Your roots penetrate the ground, keeping you stationary.
You cannot be teleported.
You are immune to unholy pain and torment.
Your maximum health is greatly increased.
Your equipment is partially melded.
((You have large cloven feet.))
A weak demonic guardian rushes to your aid.
You regenerate health from kills.
You are somewhat resistant to further mutation.


Message History

You fly up into the air.
You feel sick.
Your shadow imp hits the yak.
It was a potion of lignification.
You turn into a tree.
Your +1 cloak melds into your body.
Your +0 helmet melds into your body.
Your +0 pair of gloves melds into your body.
The +3 scale mail of Urphosch {Will++ Regen+ SInv} melds into your body.
Your roots penetrate the ground.
You feel sick.
Your shadow imp hits the yak but does no damage.
The yak gores you but does no damage. The yak barely misses you.
The yak gores something!
You slash the yak!
The yak is almost dead.
You barely miss the yak.
You feel sick.
Your shadow imp hits the yak.
The yak gores you but does no damage. x2
You slash the yak!
You kill the yak!
You hit the yak.
You feel sick.
Your shadow imp closely misses the yak.
The yak gores you but does no damage.
You hit the yak but do no damage. x2; You feel sick.
Your shadow imp hits the yak.
The yak gores you.
* * * LOW HITPOINT WARNING * * *
A demonic guardian appears!
The yak gores you but does no damage.
Unknown command.
You hit the yak but do no damage.
The yak is heavily wounded.
You hit the yak.
You feel sick.
Your shadow imp barely misses the yak.
The yak gores you but does no damage. x2
Unknown command.
You slash the yak!
The yak is severely wounded.
You slash the yak!
You feel sick.
You are no longer poisoned.
Your shadow imp gestures at the yak.
The yak struggles to resist.
The yak gores your shadow imp. The yak barely misses you.
You hit the yak but do no damage.
The yak is severely wounded.
You hit the yak.
Your shadow imp hits the yak but does no damage.
Your iron imp hits the yak!
The yak gores you!
You die...

........#
........#
........+
....Y...#######
#####.......#
#...#.......+
#..5#†......#
#.5YY†......#
#..♣#.......##
#####.5.......
########'##+##.
#..........).#
#............#
+............#
#...............
###.##..###..##.
#.##..# ..#


You could see 2 yaks, a friendly iron imp (summoned) and a friendly shadow imp
(summoned).

Vanquished Creatures
  The ghost of LeprechaunX the Changeling, a novice OpSh (D:4)
  A hornet (D:9)
  A wyvern (D:7)
  A steam dragon (D:7)
  4 yaks (D:9)
  A water moccasin (D:8)
  3 black bears
  5 ice beasts
  An ogre (D:7)
  2 centaurs
  A phantom (D:7)
  A gnoll sergeant (D:5)
  2 scorpions
  3 bullfrogs
  3 killer bees (D:9)
  A jelly (D:7)
  An orc priest (D:7)
  2 hounds
  2 sleepcaps
  3 orc wizards
  4 iguanas
  Robin (D:3)
  12 gnolls
  6 adders
  2 shadow imps
  A white imp (D:7)
  An ufetubus (D:4)
  A dart slug (D:1)
  11 orcs
  6 endoplasms
  7 giant cockroaches
  24 goblins
  10 hobgoblins
  3 jackals (D:2)
  4 kobolds
  4 quokkas
  11 ball pythons
  4 bats
  2 frilled lizards (D:3)
  3 rats (D:1)
156 creatures vanquished.

Vanquished Creatures (collateral kills)
  Crazy Yiuf (D:3)
  A gnoll (D:4)
2 creatures vanquished.

Grand Total: 158 creatures vanquished

Notes
Turn   | Place    | Note
-------+----------+-------------------------------------------
     0 | D:1      | IdlyInterested the Demonspawn Gladiator began the quest for
                  | the Orb.
     0 | D:1      | Reached XP level 1. HP: 16/16 MP: 1/1
    30 | D:1      | Reached skill level 3 in Axes
    93 | D:1      | Gained mutation: A weak demonic guardian rushes to your
                  | aid. [demonic ancestry]
    93 | D:1      | Reached XP level 2. HP: 22/22 MP: 2/2
   200 | D:1      | Reached skill level 1 in Armour
   399 | D:1      | Gained mutation: You have large cloven feet. [demonic
                  | ancestry]
   399 | D:1      | Reached XP level 3. HP: 25/27 MP: 3/3
  1116 | D:2      | Reached skill level 1 in Stealth
  1842 | D:3      | Gained mutation: You regenerate a little health from kills.
                  | [demonic ancestry]
  1842 | D:3      | Reached XP level 4. HP: 33/33 MP: 4/4
  1954 | D:3      | Reached skill level 4 in Axes
  2016 | D:3      | Noticed Robin
  2037 | D:3      | Killed Robin
  2045 | D:3      | Reached skill level 1 in Shapeshifting
  2184 | D:3      | Found a runed translucent door.
  2185 | D:3      | Noticed Crazy Yiuf
  2298 | D:3      | Noticed an ice beast
  2314 | D:3      | Killed an ice beast
  2315 | D:3      | Reached skill level 5 in Axes
  2315 | D:3      | Reached skill level 1 in Evocations
  2315 | D:3      | Reached XP level 5. HP: 24/38 MP: 5/5
  2511 | D:3      | Found an iron altar of Okawaru.
  2697 | D:3      | Found a blossoming altar of Fedhas.
  2960 | D:3      | Killed Crazy Yiuf
  2961 | D:3      | Reached XP level 6. HP: 23/44 MP: 6/6
  3103 | D:4      | Found Samoc's Antique Armour Boutique.
  3111 | D:4      | Reached skill level 1 in Shields
  3254 | D:4      | Gained mutation: You are somewhat resistant to further
                  | mutation. [potion of mutation]
  3272 | D:4      | Found a transporter.
  3272 | D:4      | Noticed LeprechaunX's ghost (novice OpSh)
  3278 | D:4      | Found a transporter.
  3365 | D:4      | Reached skill level 6 in Axes
  3703 | D:4      | Found a hide-covered altar of Uskayaw.
  3703 | D:4      | Found a hazy altar of Hepliaklqana.
  3890 | D:4      | Bought a slimy leather armour for 140 gold pieces
  3890 | D:4      | Identified the +3 leather armour "Imuakorakk" {Rampage
                  | rElec Will- Slay+3} (You bought it in a shop on level 4 of
                  | the Dungeon)
  3939 | D:4      | Reached XP level 7. HP: 52/52 MP: 7/7
  3950 | D:4      | Killed LeprechaunX's ghost
  3951 | D:4      | Reached skill level 7 in Axes
  4068 | D:5      | Entered Level 5 of the Dungeon
  4068 | D:5      | Found Lear's Weapon Shoppe.
  4245 | D:5      | Gained mutation: You regenerate health from kills. [demonic
                  | ancestry]
  4245 | D:5      | Reached XP level 8. HP: 34/58 MP: 8/8
  4305 | D:5      | Found a transporter.
  4339 | D:5      | Found a staircase to the Ecumenical Temple.
  4374 | D:5      | Reached skill level 8 in Axes
  4380 | Temple   | Entered the Ecumenical Temple
  4421 | D:5      | Found a transporter.
  5847 | D:7      | Reached skill level 9 in Axes
  5976 | D:7      | Found a burning altar of Makhleb.
  5977 | D:7      | Found an ornate altar of the Wu Jian Council.
  6124 | D:7      | Reached XP level 9. HP: 59/63 MP: 9/9
  6469 | D:4      | Bought a shiny chain mail for 150 gold pieces
  6578 | D:5      | Reached skill level 10 in Axes
  7154 | D:8      | Identified the +3 scale mail of Urphosch {Will++ Regen+
                  | SInv}
  7454 | D:9      | Reached skill level 11 in Axes
  7663 | D:9      | Reached skill level 12 in Axes
  7670 | D:9      | Slain by a yak

Illustrated notes

Levels and vault maps discovered:
D:1:      reono_arrival_mine, layout_basic, minmay_misc_feat_diagonals
D:2:      kennysheep_the_goblin_king, layout_basic, minmay_gold_behind_fungi,
          item_on_display_a
D:3:      layout_basic, fedhas_altar_2, kennysheep_okawaru_gauntlet,
          minivault_25, uniq_crazy_yiuf_cottage, uniq_robin
D:4:      layout_cave_pools, gammafunk_temple_overflow_wave, serial_shops,
          shop_statue, gammafunk_ghost_arena
D:5:      gammafunk_cloud_chamber, layout_gridville,
          minmay_temple_entry_stoned_glass, serial_shops, shop
D:6:      layout_cave_pods, elyvilon_altar_3
D:7:      layout_loops_ring, mainiacjoe_overflow_divided_tiny,
          palyth_stone_intersect, minmay_misc_feat_plants
D:8:      layout_rooms, serial_park_tiny_1, minmay_hedge_maze
D:9:      layout_gridville, zin_academy, kennysheep_little_box, uniq_jeremiah
Temple:   nicolae_temple_god_jail

Skill      XL: |  1  2  3  4  5  6  7  8  9 |
---------------+----------------------------+-----
Axes           | 3 5 6 7 9 12 | 12.1
Armour         | 1 2 3 |  3.0
Stealth        | 1 2 |  2.0
Shapeshifting  | 1 |  1.0
Evocations     | 1 |  1.0
Shields        | 1 2 |  2.0
Fighting       | 3 |  3.0
Throwing       | |  1.8
Dodging        | |  2.6

Action                     |  1- 3 |  4- 6 |  7- 9 || total
---------------------------+-------+-------+-------++-------
  Melee: War axe           |   106 |   126 |   206 ||   438
         Punch             |     2 |     3 |     4 ||     9
         Kick              |    10 |    29 |    71 ||   110
         Spear             |       |    10 |       ||    10
  Throw: Stone             |       |     9 |    20 ||    29
         Dart              |       |       |     4 ||     4
  Evoke: Wand              |       |       |     1 ||     1
    Use: Scroll            |     3 |     1 |     3 ||     7
         Potion            |       |     2 |    12 ||    14
   Stab: Sleeping          |     1 |     1 |     5 ||     7
 Armour: Leather armour    |    26 |    41 |    79 ||   146
         Chain mail        |    27 |    40 |       ||    67
         Scale mail        |       |       |    39 ||    39
         Skin              |       |       |     7 ||     7
  Dodge: Dodged            |    74 |    82 |   143 ||   299

Table legend: (Time is in decaauts)
 A = Elapsed time spent in this place.
 B = Non-inter-level travel time spent in this place.
 C = Inter-level travel time spent in this place.
 D = Time resting spent in this place.
 E = Time spent auto-exploring this place.
 F = Levels seen in this place.
 G = Mean time per level.
                   A        B        C        D        E       F      G
               +--------+--------+--------+--------+--------+-----+--------+
         Total |   7726 |   6512 |   1214 |    589 |   4190 |  10 |  772.6 |
       Dungeon |   7724 |   6510 |   1214 |    589 |   4190 |   9 |  858.2 |
        Temple |      1 |      1 |      0 |      0 |      0 |   1 |    1.0 |
               +--------+--------+--------+--------+--------+-----+--------+

Top non-repeatable levels by time:
     D:3: 1262 daAuts
     D:2: 1076 daAuts
     D:4: 1019 daAuts
     D:1: 965 daAuts
     D:6: 952 daAuts
     D:5: 773 daAuts
     D:7: 766 daAuts
     D:8: 702 daAuts
     D:9: 206 daAuts
  Temple: 1 daAuts
